 Dungeon Crawl Stone Soup version 0.21.0 (webtiles) character file.

271 Gorglomux the Sneak (level 6, 0/48 HPs)
             Began as a Vampire Chaos Knight on Jan 6, 2018.
             Slain by skk's ghost (10 damage)
             ... on level 4 of the Dungeon.
             The game lasted 00:04:30 (2387 turns).

Gorglomux the Sneak (Vampire Chaos Knight)          Turns: 2387, Time: 00:04:31

Health: 0/48       AC:  9    Str: 13    XL:     6   Next: 2%
Magic:  6/6        EV: 13    Int: 15    God:    Xom [..*...]
Gold:   109        SH:  0    Dex: 16    Spells: 5/5 levels left

rFire    . . .     SeeInvis +   a - +1 hand axe (chaos)
rCold    . . .     Gourm    .   (no shield)
rNeg     . . .     Faith    .   b - +3 leather armour
rPois    .         Spirit   .   (no helmet)
rElec    .         Reflect  .   w - scarf {cloud immunity}
rCorr    .         Harm     .   v - +2 pair of gloves {Dex+3}
MR       .....     Rnd*Tele +   (no boots)
Stlth    +++.......             y - amulet of rage
HPRegen  0.36/turn              t - ring of teleportation (curse)
MPRegen  0.10/turn              (no ring)

@: regenerating quickly
A: fangs 3, see invisible, unbreathing
a: Renounce Religion, Evoke Berserk Rage


You were on level 4 of the Dungeon.
You worshipped Xom.
You were a toy of Xom.
You were full.

You visited 1 branch of the dungeon, and saw 4 of its levels.

You collected 109 gold pieces.

Inventory:

Hand Weapons
 a - a +1 hand axe of chaos (weapon)
Armour
 b - a +3 leather armour (worn)
 v - a +2 pair of gloves of dexterity (worn)
 w - a scarf of cloud immunity (worn)
Jewellery
 t - a cursed ring of teleportation (left hand)
 x - an uncursed amulet of guardian spirit
 y - an amulet of rage (around neck)
Scrolls
 T - a scroll of teleportation
 Y - a scroll of blinking {unknown}
Potions
 q - 19 potions of blood
 A - a potion of berserk rage {unknown}
 Q - a potion of curing
 X - a potion of ambrosia


   Skills:
 + Level 3.8 Fighting
 + Level 3.7 Axes
 - Level 0.7 Armour
 + Level 3.7 Dodging
 - Level 5.0 Stealth


You had 5 spell levels left.
You didn't know any spells.

Dungeon Overview and Level Annotations

Branches:
Dungeon (4/15)             Temple (0/1) D:4

Altars:
Cheibriados
Makhleb
Nemelex Xobeh
Wu Jian
Xom
The Shining One

Annotations:
D:4 skk's ghost, amateur DsFi


Innate Abilities, Weirdness & Mutations

Your natural rate of healing is unusually fast.
You have razor-sharp teeth.
You have supernaturally acute eyesight. (SInv)
You can survive without breathing.


Message History

Butt's butt butts almost butt!
Skk's ghost hits you!!! * * * don't die
* * * You open skk's ghost but do no damage!
Skk's ghost is almost destroyed!
Skk's ghost blinks!!!
Skk's ghost hits you but does no damage!
You closely butts skk'butts ghost! You bite butt's ghost, butt do no butt!
Skk's ghost is almost destroyed!
Skk's ghost hits you!!! * * * don't die
* * * You barely miss skk's ghost!
Skk's ghost is almost destroyed!
Skk's butt hits you!!! * * * don't die
* * * You carve skk's ghost but do no damage!
Skk's ghost is almost destroyed!
Skk's ghost closely misses you! Skk's ghost hits you!!! rip

##..###.......#
.......#.....##
.......##...## .♣
......<###### ...
##..#### ######..# ##..#
#.......# ...#######
#=......#
....##.♣.########...>.P#
.......PP.......@......#
.##....♣.(..#####W...P.#
.##).P.♣..P.####......##
..P.♣P♣♣♣♣♣......######
#..PP♣♣♣♣..P..#####
...§P§P♣♣..♣......#
###§§PP§♣...#####.#
##§§P♣♣...# ##§......#


You could see skk's ghost.

Vanquished Creatures
  A bullfrog skeleton (D:4)
  Jessica (D:2)
  Terence (D:3)
  A hound skeleton (D:3)
  8 gnolls (D:3)
  3 adders (D:2)
  3 dart slugs
  2 leopard geckos (D:3)
  2 orcs
  3 bats
  3 giant cockroaches
  8 goblins
  3 hobgoblins
  7 kobolds
  2 quokkas (D:2)
  4 ball pythons
  4 frilled lizards
  13 rats
69 creatures vanquished.

Vanquished Creatures (collateral kills)
  An adder (D:4)
  A worm (D:2)
2 creatures vanquished.

Grand Total: 71 creatures vanquished

Notes
Turn   | Place    | Note
-------+----------+-------------------------------------------
     0 | D:1      | Gorglomux the Vampire Chaos Knight began the quest for the Orb.
     0 | D:1      | Reached XP level 1. HP: 17/17 MP: 1/1
    21 | D:1      | Reached skill level 1 in Stealth
    42 | D:1      | Reached skill level 2 in Stealth
    95 | D:1      | XOM: harmless Conj miscast
   109 | D:1      | Reached XP level 2. HP: 23/23 MP: 2/2
   114 | D:1      | Reached skill level 3 in Stealth
   388 | D:1      | Reached skill level 4 in Stealth
   745 | D:2      | Reached XP level 3. HP: 21/28 MP: 3/3
   866 | D:2      | Found a snail-covered altar of Cheibriados.
   870 | D:2      | Found a burning altar of Makhleb.
   879 | D:2      | Reached skill level 5 in Stealth
   896 | D:2      | Noticed Jessica
   910 | D:2      | Killed Jessica
   933 | D:2      | Found a glowing golden altar of the Shining One.
   933 | D:2      | Found an ornate altar of the Wu Jian Council.
   967 | D:2      | Reached XP level 4. HP: 28/34 MP: 4/4
  1140 | D:2      | Found a shimmering altar of Xom.
  1149 | D:2      | Reached skill level 3 in Fighting
  1149 | D:2      | Reached skill level 3 in Axes
  1185 | D:2      | Found a shimmering altar of Xom.
  1193 | D:2      | Found a shimmering altar of Xom.
  1193 | D:2      | Found a shimmering altar of Xom.
  1193 | D:2      | Found a shimmering altar of Xom.
  1411 | D:2      | XOM: harmless Erth miscast
  1536 | D:3      | Found a sparkling altar of Nemelex Xobeh.
  1597 | D:3      | Noticed Terence
  1611 | D:3      | Killed Terence
  1611 | D:3      | Reached skill level 3 in Dodging
  1611 | D:3      | Reached XP level 5. HP: 41/41 MP: 5/5
  1837 | D:3      | XOM: potion effect (haste)
  2016 | D:3      | XOM: cloud trail
  2278 | D:4      | XOM: summons friendly white imp
  2301 | D:4      | Reached XP level 6. HP: 41/48 MP: 6/6
  2321 | D:4      | Found a staircase to the Ecumenical Temple.
  2324 | D:4      | Noticed skk's ghost (amateur DsFi)
  2326 | D:4      | XOM: cast spell 'Olgreb's Toxic Radiance'
  2387 | D:4      | Slain by skk's ghost

Skill      XL: |  1  2  3  4 |
---------------+-------------+-----
Stealth        | 2 4 5 |  5.0
Fighting       | 3 |  3.8
Axes           | 3 |  3.7
Dodging        | 3 |  3.7
Armour         | |  0.7

Action                   |  1- 3 |  4- 6 || total
-------------------------+-------+-------++-------
Melee: Hand axe          |    88 |   180 ||   268
       Bite              |     6 |    23 ||    29
  Use: Potion            |     7 |     6 ||    13
       Scroll            |       |     9 ||     9
 Stab: Paralysed         |     3 |     1 ||     4
       Sleeping          |     4 |     8 ||    12
       Distracted        |       |     2 ||     2
       Confused          |       |     1 ||     1
Armor: Leather armour    |    23 |    49 ||    72
Dodge: Dodged            |    55 |    99 ||   154
